 Dungeon Crawl Stone Soup version 0.29-a0-872-g797fff5ad1 (webtiles) character file.

Game seed: 5077652613566582041

92 xian the Trooper (level 4, 0/36 HPs)
             Began as a Demonspawn Fighter on July 19, 2022.
             Killed by divine providence
             ... invoked by an orc priest
              (12 damage)
             ... on level 2 of the Dungeon.
             The game lasted 00:04:02 (2255 turns).

xian the Trooper (Demonspawn Fighter)               Turns: 2255, Time: 00:04:03

Health: 0/36       AC: 12    Str: 18    XL:     4   Next: 35%
Magic:  4/4        EV:  5    Int:  9    God:
Gold:   83         SH:  4    Dex: 13    Spells: 3/3 levels left

rFire   . . .      SeeInvis .   a - +0 long sword
rCold   . . .      Faith    .   c - +0 buckler
rNeg    . . .      Spirit   .   g - +0 plate armour
rPois   .          Reflect  .   (helmet restricted)
rElec   .          Harm     .   (no cloak)
rCorr   .          Rampage  .   (no gloves)
Will    .....                   (no boots)
Stlth   ..........              (no amulet)
HPRegen 0.12/turn               (no ring)
MPRegen 0.09/turn               (no ring)

@: no status effects
A: horns 2, rugged brown scales 1
a: no special abilities


You were on level 2 of the Dungeon.
You visited 1 branch of the dungeon, and saw 3 of its levels.

You collected 83 gold pieces.

Inventory:

Hand Weapons
 a - a +0 long sword (weapon)
Missiles
 e - 4 boomerangs (quivered)
 f - 5 datura-tipped darts
Armour
 b - a +0 scale mail
 c - a +0 buckler (worn)
 g - a +0 plate armour (worn)
Scrolls
 i - a scroll of teleportation
 j - a scroll of enchant weapon {unknown}
Potions
 d - a potion of might
 h - a potion of flight {unknown}


   Skills:
 + Level 3.2 Fighting
 + Level 3.0 Long Blades
 + Level 3.2 Armour
 + Level 0.4 Dodging
 + Level 3.2 Shields


You had 3 spell levels left.
You didn't know any spells.
Your spell library contained the following spells:

 Spells                   Type           Power      Damage    Failure   Level
 Iskenderun's Battlesphe  Conj           0%         2d6       100%        5
 Iron Shot                Conj/Erth      0%         9d1       100%        6
 Spellforged Servitor     Conj/Summ      0%         N/A       100%        7


Dungeon Overview and Level Annotations

Branches:
Dungeon (3/15)

Altars:


Innate Abilities, Weirdness & Mutations

You have a pair of horns on your head.
You are partially covered in rugged brown scales. (AC +1, +3% HP)


Message History

You barely miss the frilled lizard.
Your headbutt misses the frilled lizard.
You block the frilled lizard's attack. The frilled lizard closely misses you.
You hit the frilled lizard.
You kill the frilled lizard!
There is a stone staircase leading up here.
The orc shouts!
The orc priest shouts!
The orc throws a boomerang.
You block the boomerang.
There is a stone staircase leading up here.
You throw a boomerang. The boomerang barely misses the orc.
The boomerang closely misses the orc priest.
The orc priest begins to cast a cantrip, but forgets the words!
You hit the orc. Your headbutt misses the orc.
The orc is moderately wounded.
You hit the orc. Your headbutt misses the orc.
The orc is severely wounded.
The orc throws a boomerang.
The boomerang hits you but does no damage.
The orc hits you but does no damage. You block the orc priest's attack.
The orc hits you but does no damage.
The orc priest invokes the aid of Beogh against you.
Beogh smites you! The orc barely misses you.
The orc priest calls down the wrath of Beogh upon you.
Beogh smites you!
You climb upwards.
There is a stone staircase leading down, spattered with blood here.
You hit the orc priest. Your headbutt misses the orc priest.
The orc priest is moderately wounded.
The orc priest hits you with a +0 club. The orc hits you but does no damage.
You hit the orc priest.
The orc priest is severely wounded.
The orc hits you with a +0 whip.
The orc priest hits you but does no damage.
You barely miss the orc priest.
The orc priest is severely wounded.
You block the orc's attack.
The orc priest calls down the wrath of Beogh upon you.
Beogh smites you!
You die...

.................<....##..#
...#######.####.###.#.....#####
#### #..........#.........#
######.#.....##....#.# ##
#.#.#..<#.##....#.# .#
#.......#.#.....#.# ###
#.#...#.#.#.#...#.#
..###########.#..o#.#.#..<..#.#
..'............o@.#.###.#.#.#.#
..###########.##..#.# #.#.....#
#############...#...###.###..####
†............##.#...............#
###....#####.(......##..#.......#
.......##.....#.##..##..#.#...#[#
.......##.....#.##........###.#.#
...........####.#.#.........#.#.#
...##'#.#..##.........#####.#....


You could see an orc priest and an orc.

Vanquished Creatures
  3 adders (D:2)
  3 gnolls
  An orc (D:1)
  5 endoplasms
  3 giant cockroaches
  A goblin (D:1)
  2 hobgoblins
  3 kobolds
  3 quokkas (D:1)
  3 ball pythons
  4 bats (D:1)
  2 frilled lizards
  3 rats (D:1)
36 creatures vanquished.

Notes
Turn   | Place    | Note
-------+----------+-------------------------------------------
     0 | D:1      | xian the Demonspawn Fighter began the quest for the Orb.
     0 | D:1      | Reached XP level 1. HP: 18/18 MP: 1/1
   376 | D:1      | Gained mutation: You have a pair of small horns on your
                  | head. [demonic ancestry]
   376 | D:1      | Reached XP level 2. HP: 21/24 MP: 2/2
   505 | D:1      | Found a faded altar of an unknown god.
  1005 | D:2      | Gained mutation: You are partially covered in rugged brown
                  | scales. (AC +1, +3% HP) [demonic ancestry]
  1005 | D:2      | Reached XP level 3. HP: 17/29 MP: 3/3
  1455 | D:2      | Gained mutation: You have a pair of horns on your head.
                  | [demonic ancestry]
  1455 | D:2      | Reached XP level 4. HP: 21/36 MP: 4/4
  2255 | D:2      | Killed from afar by an orc priest

Illustrated notes

Levels and vault maps discovered:
D:1:      dpeg_arrival_orchard, layout_loops_ring,
          shapermc_ecumenical_altar_pompeii, minmay_tromino_v2
D:2:      layout_basic
D:3:      layout_rooms, mainiacjoe_overflow_brackets, minitemple, nicolae_titane

Skill      XL: |  1  2  3  4 |
---------------+-------------+-----
Long Blades    | 2 3 |  3.0
Shields        | 3 |  3.2
Armour         | 3 |  3.2
Fighting       | |  3.2
Dodging        | |  0.4

Action                   |  1- 3 |  4- 6 || total
-------------------------+-------+-------++-------
Melee: Long sword        |    92 |    21 ||   113
       Headbutt          |     5 |     4 ||     9
Throw: Boomerang         |     3 |     3 ||     6
  Use: Scroll            |     2 |     1 ||     3
Armor: Scale mail        |    38 |       ||    38
       Plate armour      |    64 |    17 ||    81
Dodge: Dodged            |    35 |     6 ||    41
Block: Buckler           |    33 |     8 ||    41

Table legend: (Time is in decaauts)
 A = Elapsed time spent in this place.
 B = Non-inter-level travel time spent in this place.
 C = Inter-level travel time spent in this place.
 D = Time resting spent in this place.
 E = Time spent auto-exploring this place.
 F = Levels seen in this place.
 G = Mean time per level.
                   A        B        C        D        E       F      G
               +--------+--------+--------+--------+--------+-----+--------+
         Total |   2294 |   2229 |     65 |    458 |   1214 |   3 |  764.7 |
       Dungeon |   2294 |   2229 |     65 |    458 |   1214 |   3 |  764.7 |
               +--------+--------+--------+--------+--------+-----+--------+

Top non-repeatable levels by time:
     D:1: 1121 daAuts
     D:2: 1086 daAuts
     D:3: 86 daAuts
